Map: Moonlight Madness LE (Void)

Players

CycloneOP - Winner!

  • Race: Zerg Zerg
  • League: Silver

HERO

  • Race: Protoss Protoss
  • League: Silver

VOD

Have the link to the VOD?

Description

Time

  • Played on: July 29, 2015, 1:37 a.m.
  • Length: 15:40
Show
View Real Time Build Order
Export as new Build Order

CycloneOP Zerg - Winner!

Build Orders: Pool First 

Get SALT Encoding   

  12  0:04  Drone  
  13  0:23  Spawning Pool  
  13  0:27  Drone  
  13  0:36  Overlord  
  13  0:42  Drone  
  14  0:58  Drone x2  
  16  1:17  Queen  
  18  1:27  Hatchery  
  18  1:32  Zergling x2  
  18  1:33  Zergling x2  
  18  1:37  Drone  
  20  1:46  Zergling x2  
  21  1:53  Overlord  
  21  2:22  Drone x2  
  23  2:23  Queen  
  25  2:40  Spine Crawler  
  24  2:51  Spine Crawler x2  
  22  3:04  Spine Crawler  
  20  3:25  Drone x3  
  20  3:26  Drone  
  28  3:27  Drone x7  
  31  3:42  Extractor  
  31  3:44  Extractor  
  29  3:54  Drone x2, Overlord  
  31  4:09  Overlord  
  31  4:11  Drone x4  
  35  4:27  Extractor  
  35  4:28  Extractor  
  35  4:29  Drone x4  
  38  4:31  Drone x2  
  38  4:33  Drone  
  38  4:36  Drone x3  
  43  4:57  Lair  
  43  5:04  Roach Warren  
  43  5:06  Drone x3  
  45  5:29  Overlord x3  
  45  5:31  Metabolic Boost  
  45  5:33  Zergling x12  
  51  5:55  Glial Reconstitution  
  51  6:00  Hatchery  
  50  6:18  Spire  
  48  6:30  Overseer  
  48  6:33  Extractor  
  48  6:34  Drone  
  48  6:36  Extractor  
  47  6:47  Drone  
  47  6:48  Drone x2  
  47  6:49  Drone x3  
  53  7:10  Queen  
  53  7:14  Hatchery  
  54  7:18  Drone  
  54  7:19  Drone x3  
  54  7:20  Drone x4  
  62  7:28  Overlord x4  
  62  7:31  Pneumatized Carapace  
  59  8:04  Mutalisk  
  59  8:05  Mutalisk x14  
  89  8:16  Zerg Flyer Weapons Level 1  
  89  8:24  Overlord  
  89  8:25  Overlord x5  
  89  8:29  Queen  
  91  8:43  Drone x10  
  91  8:44  Drone  
  91  8:46  Drone  
  103  9:02  Zergling x20  
  112  9:15  Zergling x18  
  119  9:25  Zergling x14  
  126  9:54  Zergling x32  
  126  9:55  Zergling x2  
  143  10:01  Evolution Chamber  
  143  10:02  Evolution Chamber  
  143  10:06  Overlord x7  
  141  10:31  Zergling x28  
  141  10:32  Zergling x14  
  142  10:51  Zergling x2  
  142  10:52  Zergling x18  
  142  10:55  Zerg Ground Armor Level 1  
  138  10:58  Infestation Pit  
  138  10:59  Zerg Melee Weapons Level 1  
  135  11:22  Drone  
  135  11:23  Drone x4  
  140  11:30  Zerg Flyer Weapons Level 2  
  140  11:36  Hive  
  140  11:38  Pathogen Glands  
  140  11:39  Infestor x2  
  142  11:40  Infestor x3  
  142  11:41  Infestor  
  152  11:50  Zergling x18  
  152  11:51  Zergling x6  
  124  12:32  Extractor  
  124  12:33  Extractor  
  124  12:34  Drone x3  
  124  12:35  Drone x2  
  124  12:36  Drone  
  128  12:41  Mutalisk x6  
  128  12:42  Mutalisk  
  142  12:51  Zerg Ground Armor Level 2  
  142  12:57  Zerg Melee Weapons Level 2  
  142  12:58  Ultralisk Cavern  
  133  13:57  Ultralisk x11  
  199  14:04  Chitinous Plating  
  199  14:21  Overseer  
  199  14:39  Hatchery  
  199  14:41  Hatchery  
  197  15:15  Extractor  
  197  15:16  Extractor  
Show
View Real Time Build Order
Export as new Build Order

HERO Protoss 

Build Orders:  

Get SALT Encoding   

  12  0:03  Probe  
  13  0:20  Pylon  
  13  0:24  Probe  
  14  0:38  Probe  
  15  0:47  Forge  
  15  0:50  Probe  
  16  1:02  Probe (Chrono Boost)  
  17  1:09  Pylon  
  17  1:14  Probe (Chrono Boost)  
  18  1:23  Probe (Chrono Boost)  
  19  1:25  Gateway  
  19  1:31  Probe, Photon Cannon  
  20  1:40  Pylon  
  20  1:53  Probe  
  21  2:01  Pylon  
  21  2:05  Probe  
  22  2:17  Probe  
  22  2:21  Zealot  
  24  2:25  Photon Cannon  
  24  2:26  Pylon  
  24  2:27  Photon Cannon  
  24  2:33  Photon Cannon  
  24  2:44  Photon Cannon  
  24  2:52  Pylon  
  23  3:14  Probe  
  23  3:17  Nexus  
  24  3:23  Cybernetics Core  
  24  3:27  Pylon  
  24  3:32  Probe  
  24  3:34  Assimilator  
  25  3:38  Assimilator  
  25  3:44  Probe  
  26  3:53  Pylon  
  26  4:07  Probe  
  27  4:16  Warp Gate  
  27  4:19  Probe  
  27  4:22  Photon Cannon  
  28  4:24  Photon Cannon  
  29  4:31  Probe x2  
  29  4:32  Nexus  
  30  4:42  Pylon  
  30  4:50  Probe (Chrono Boost)  
  32  4:53  Stalker  
  32  4:55  Probe (Chrono Boost)  
  34  5:04  Gateway, Probe (Chrono Boost)  
  35  5:07  Mothership Core (Chrono Boost)  
  38  5:19  Probe (Chrono Boost)  
  38  5:26  Probe  
  39  5:28  Gateway  
  39  5:29  Gateway  
  39  5:30  Probe  
  40  5:38  Stalker  
  40  5:39  Probe (Chrono Boost)  
  43  5:45  Photon Cannon  
  43  5:48  Probe (Chrono Boost)  
  45  5:53  Probe (Chrono Boost)  
  45  5:57  Pylon  
  45  6:01  Probe x2 (Chrono Boost)  
  45  6:02  Probe (Chrono Boost)  
  48  6:04  Assimilator  
  48  6:08  Assimilator  
  48  6:20  Protoss Ground Weapons Level 1 (Chrono Boost)  
  48  6:24  Photon Cannon  
  48  6:30  Gateway  
  48  6:31  Gateway  
  48  6:33  Gateway  
  48  6:37  Robotics Facility  
  48  6:46  Stalker  
  50  6:50  Probe x3  
  53  6:59  Stalker  
  55  7:04  Probe (Chrono Boost)  
  55  7:06  Probe (Chrono Boost)  
  55  7:07  Probe (Chrono Boost)  
  58  7:15  Probe (Chrono Boost)  
  61  7:17  Probe (Chrono Boost)  
  61  7:18  Probe (Chrono Boost)  
  62  7:24  Stalker  
  62  7:25  Stalker x2  
  62  7:26  Probe (Chrono Boost)  
  62  7:27  Stalker, Probe (Chrono Boost)  
  72  7:30  Probe (Chrono Boost)  
  72  7:33  Probe (Chrono Boost)  
  72  7:34  Probe (Chrono Boost)  
  74  7:37  Assimilator  
  74  7:50  Probe  
  74  8:07  Protoss Ground Armor Level 1  
  74  8:08  Pylon  
  74  8:12  Pylon  
  74  8:23  Robotics Bay  
  74  8:24  Robotics Facility  
  74  8:26  Probe x3, Observer  
  78  8:27  Pylon  
  78  8:33  Stalker  
  78  8:34  Stalker x5, Pylon  
  82  8:38  Assimilator  
  90  8:45  Probe, Pylon  
  90  8:47  Pylon  
  91  8:52  Pylon  
  77  9:11  Stalker x2  
  77  9:13  Stalker x2  
  77  9:14  Stalker x3  
  76  9:28  Probe x2  
  76  9:29  Probe  
  79  9:31  Photon Cannon  
  79  9:35  Photon Cannon  
  79  9:43  Photon Cannon  
  79  9:58  Stalker  
  79  9:59  Probe  
  83  10:00  Probe x2  
  84  10:08  Colossus (Chrono Boost)  
  84  10:12  Probe x2  
  92  10:17  Stalker  
  94  10:22  Stalker  
  94  10:25  Stalker  
  91  10:44  Zealot x4  
  81  11:05  Probe x2  
  81  11:17  Probe x2  
  81  11:18  Adept x3  
  89  11:29  Probe x2  
  91  11:41  Photon Cannon  
  31  12:25  Stalker x5  
  31  12:26  Stalker  
  43  12:30  Probe (Chrono Boost)  
  43  12:35  Probe (Chrono Boost)  
  51  12:46  Disruptor (Chrono Boost)  
  51  12:49  Disruptor (Chrono Boost)  
  51  12:54  Probe (Chrono Boost)  
  53  13:00  Probe (Chrono Boost)  
  53  13:02  Twilight Council  
  53  13:05  Probe (Chrono Boost)  
  54  13:09  Probe (Chrono Boost)  
  56  13:16  Probe x2 (Chrono Boost)  
  57  13:25  Stalker  
  57  13:26  Stalker x2  
  63  13:27  Stalker  
  58  13:43  Stalker x2  
  58  13:45  Probe (Chrono Boost)  
  58  13:46  Probe (Chrono Boost)  
  55  13:57  Probe (Chrono Boost)  
  57  14:03  Probe (Chrono Boost)  
  57  14:07  Probe (Chrono Boost)  
  59  14:12  Probe (Chrono Boost)  
  59  14:15  Probe (Chrono Boost)  
  60  14:19  Probe (Chrono Boost)  
  60  14:20  Stalker x2  
  60  14:22  Probe (Chrono Boost)  
  66  14:30  Probe (Chrono Boost)  
  67  14:31  Probe (Chrono Boost)  
  68  14:42  Probe (Chrono Boost)  
  69  14:56  Disruptor  
Tags
 
Add a new tag
Caveats
  • Supply blocks, unpowered buildings, or Contaminate may cause inaccurate times.
  • Supply counts are checked every 10 seconds.